Map: Catalyst LE

Players

三世

  • Race: Terran Terran
  • League: Grandmaster
  • Spawn Location: 5:00

反正我又不会玩 - Winner!

  • Race: Zerg Zerg
  • League: Grandmaster
  • Spawn Location: 11:00

VOD

Have the link to the VOD?

Description

Time

  • Played on: March 5, 2018, 6:55 a.m.
  • Length: 13:42
Show
View Real Time Build Order
Export as new Build Order

三世 Terran 

Build Orders: Reaper Expand, Bio Tank 

Get SALT Encoding   

  12  0:01  SCV  
  13  0:13  SCV  
  14  0:18  Supply Depot  
  14  0:25  SCV  
  15  0:39  SCV  
  16  0:43  Barracks  
  16  0:45  Refinery  
  16  0:51  SCV  
  17  1:04  SCV  
  18  1:16  SCV  
  19  1:31  Reaper  
  19  1:32  Orbital Command  
  20  1:42  Barracks  
  20  1:50  Command Center  
  20  1:59  SCV  
  20  2:03  Refinery  
  20  2:07  Factory  
  20  2:13  Marine, SCV  
  22  2:26  Supply Depot  
  22  2:28  SCV  
  23  2:45  Marine  
  22  2:55  SCV  
  22  3:08  Barracks Reactor, Factory Tech Lab  
  22  3:12  Starport  
  22  3:26  Orbital Command  
  22  3:27  SCV  
  22  3:31  Siege Tank  
  26  3:39  SCV  
  27  3:51  SCV  
  27  3:52  Marine x2, SCV  
  31  4:03  SCV  
  31  4:04  SCV  
  33  4:13  Marine x2, Siege Tank  
  33  4:14  Medivac  
  33  4:15  SCV  
  33  4:16  SCV  
  41  4:23  Supply Depot  
  41  4:28  SCV x2  
  43  4:31  Marine x2  
  43  4:38  Supply Depot, Engineering Bay  
  45  4:45  Siege Tank, Barracks  
  48  4:47  Barracks  
  48  4:49  SCV x2  
  48  4:51  Refinery  
  50  4:53  Medivac  
  52  5:01  Marine x2, SCV x2  
  56  5:17  SCV x2  
  56  5:19  Supply Depot  
  57  5:37  Siege Tank  
  60  5:45  Marine, Barracks Tech Lab  
  60  5:46  SCV x2  
  63  5:50  Medivac x2  
  63  5:51  Supply Depot  
  63  5:52  Marine  
  63  5:55  Terran Infantry Weapons Level 1  
  63  5:56  Refinery  
  68  5:58  SCV x2  
  68  6:02  Supply Depot  
  70  6:04  Supply Depot  
  70  6:12  Marine  
  70  6:14  SCV x2  
  70  6:16  Siege Tank  
  77  6:19  Barracks Reactor  
  76  6:31  Marine  
  77  6:38  Marine x2  
  79  6:48  Marine  
  79  6:49  Starport Reactor  
  79  6:53  Barracks  
  80  6:55  Barracks, Stimpack  
  80  6:56  Marine x4  
  80  6:58  Siege Tank  
  87  7:06  Marine  
  87  7:07  Supply Depot  
  88  7:09  Supply Depot, SCV x2  
  90  7:17  Marine x4  
  90  7:21  Supply Depot  
  94  7:28  Marine  
  95  7:30  Siege Tank  
  95  7:33  Starport Reactor  
  95  7:34  Marine  
  95  7:35  Marine  
  83  7:53  Marine x2  
  85  8:02  Siege Tank  
  85  8:03  Marine  
  85  8:04  Marine  
  84  8:12  Marine x2  
  83  8:13  SCV x2  
  83  8:15  Starport Reactor  
  83  8:17  Marine x3  
  83  8:19  Command Center  
  89  8:20  Marine  
  89  8:22  Marine  
  89  8:23  Marine x2, Terran Infantry Armor Level 1  
  93  8:28  Supply Depot  
  93  8:30  Marine x2  
  93  8:31  Supply Depot  
  95  8:34  Liberator x2  
  95  8:35  Marine x3  
  95  8:40  Marine, Siege Tank  
  95  8:41  Marine x3  
  103  8:48  Marine x2  
  106  8:53  Marine x2  
  106  8:54  Marine  
  116  8:56  Combat Shields  
  116  8:58  Marine  
  116  9:02  Supply Depot  
  117  9:03  SCV  
  117  9:04  SCV  
  117  9:05  Supply Depot  
  119  9:14  Marine x8, Siege Tank  
  130  9:19  Marine  
  132  9:24  SCV x2  
  133  9:32  Marine x2  
  126  9:51  Liberator  
  126  9:52  Liberator  
  76  9:55  Marine x7, Siege Tank  
  86  10:02  Marine  
  87  10:10  Marine  
  87  10:12  Marine  
  87  10:13  Marine, SCV x2  
  98  10:21  Armory  
  98  10:22  Engineering Bay  
  98  10:25  Marine x6, SCV  
  98  10:27  Siege Tank  
  108  10:28  Marine  
  108  10:30  Marine  
  108  10:32  Orbital Command  
  108  10:34  Marine  
  111  10:36  SCV  
  112  10:43  Marine x6  
  112  10:46  Marine  
  112  10:48  Marine  
  120  10:52  Marine  
  121  10:59  Siege Tank  
  121  11:01  Marine  
  125  11:17  Marine  
  122  11:21  Marine x8  
  122  11:23  Orbital Command  
  97  11:35  Marine  
  97  11:39  Marine x7  
  93  11:46  Marine, Siege Tank  
  97  11:47  Liberator  
  97  11:48  Liberator  
  97  11:52  Marine  
  98  11:56  Marine  
  98  11:57  Marine x6  
  98  12:01  Engineering Bay  
  105  12:02  Engineering Bay  
  105  12:04  Marine  
  112  12:10  Marine  
  112  12:14  Marine x2  
  112  12:15  Marine x5  
  120  12:18  Siege Tank  
  120  12:22  Marine  
  124  12:28  Marine  
  109  12:32  Marine x7  
Show
View Real Time Build Order
Export as new Build Order

反正我又不会玩 Zerg - Winner!

Build Orders: Pool First 

Get SALT Encoding   

  12  0:01  Drone  
  13  0:07  Drone  
  14  0:16  Overlord  
  14  0:25  Extractor  
  14  0:26  Drone  
  15  0:35  Drone  
  16  0:36  Drone  
  17  0:44  Drone  
  18  0:50  Spawning Pool  
  17  1:09  Hatchery  
  16  1:12  Drone  
  16  1:15  Drone  
  18  1:38  Zergling x6  
  21  1:45  Hatchery  
  20  1:54  Queen  
  20  1:57  Extractor  
  21  2:01  Overlord  
  21  2:06  Drone  
  22  2:20  Drone  
  22  2:21  Drone  
  22  2:22  Drone  
  25  2:24  Queen  
  27  2:35  Queen  
  28  2:47  Drone  
  28  2:49  Drone x3  
  31  3:00  Queen  
  31  3:03  Drone x2  
  34  3:10  Metabolic Boost  
  34  3:15  Drone x3  
  37  3:20  Overlord  
  37  3:25  Drone  
  37  3:26  Drone  
  39  3:27  Drone  
  39  3:29  Drone  
  41  3:37  Drone  
  42  3:51  Drone  
  42  3:52  Drone x6  
  49  4:03  Hatchery  
  49  4:09  Drone x2  
  50  4:14  Overlord x2  
  50  4:15  Overlord  
  50  4:26  Extractor  
  50  4:27  Drone  
  50  4:32  Queen x3  
  50  4:33  Drone x2  
  50  4:34  Drone x3  
  50  4:36  Spore Crawler  
  50  4:38  Drone  
  61  4:42  Drone  
  61  4:44  Baneling Nest  
  61  4:46  Overlord x2  
  61  4:59  Drone x2  
  64  5:00  Drone x3  
  64  5:06  Spore Crawler  
  65  5:08  Spore Crawler  
  65  5:09  Drone x2  
  66  5:16  Zergling x6  
  66  5:17  Zergling x6  
  72  5:32  Zergling x8  
  72  5:33  Zergling x12  
  82  5:53  Drone x8  
  82  5:54  Drone x3  
  82  5:55  Lair  
  93  6:00  Drone  
  93  6:02  Evolution Chamber x2  
  92  6:04  Extractor  
  92  6:05  Extractor  
  92  6:11  Overlord x5  
  90  6:20  Hatchery  
  90  6:24  Zergling x2  
  90  6:25  Spore Crawler, Zergling x12  
  94  6:40  Zerg Melee Weapons Level 1, Zerg Ground Armor Level 1  
  94  6:42  Drone x3  
  97  6:50  Drone  
  98  6:58  Centrifical Hooks  
  98  6:59  Zergling x26  
  98  7:00  Zergling x10  
  116  7:02  Zergling x8  
  120  7:10  Hatchery  
  119  7:17  Drone x4  
  119  7:20  Drone x2  
  125  7:24  Spore Crawler  
  125  7:26  Drone  
  125  7:27  Drone x10  
  135  7:31  Drone  
  135  7:32  Baneling, Drone  
  135  7:33  Baneling x22  
  135  7:34  Baneling  
  124  7:49  Zergling x2  
  93  8:04  Overlord  
  90  8:07  Drone x2  
  90  8:08  Drone  
  90  8:09  Drone x6  
  90  8:11  Queen  
  101  8:13  Zergling x14  
  101  8:14  Zergling x8  
  101  8:17  Drone  
  113  8:22  Overlord x2  
  113  8:23  Drone x2  
  113  8:24  Drone  
  116  8:29  Drone  
  116  8:32  Drone x3  
  120  8:36  Baneling x3  
  120  8:37  Baneling x21  
  120  8:39  Zergling x6  
  123  8:42  Extractor x2  
  123  8:44  Drone x3  
  123  8:45  Drone x2  
  126  8:49  Drone  
  126  8:53  Zerg Ground Armor Level 2  
  127  9:04  Drone x2  
  127  9:07  Zerg Melee Weapons Level 2  
  127  9:08  Zergling x22  
  127  9:09  Zergling x14  
  147  9:11  Zergling x6  
  151  9:17  Zergling x4  
  151  9:23  Zergling x10  
  157  9:27  Hatchery  
  156  9:31  Spire  
  156  9:33  Drone x2  
  156  9:34  Infestation Pit  
  156  9:37  Zergling x2  
  156  9:38  Zergling x12  
  163  9:39  Overlord  
  163  9:40  Overlord x5  
  163  9:43  Baneling x2  
  163  9:44  Baneling x9  
  124  9:55  Zergling x2  
  124  9:56  Zergling x32  
  141  10:04  Zergling x2  
  141  10:05  Zergling x16  
  141  10:06  Zergling x2  
  151  10:07  Zergling x8  
  151  10:08  Zergling x2  
  151  10:10  Spore Crawler  
  151  10:11  Spore Crawler  
  154  10:15  Zergling x6  
  154  10:18  Hive  
  157  10:26  Drone x5  
  157  10:27  Drone  
  163  10:31  Baneling x7  
  163  10:32  Baneling x19  
  163  10:39  Zergling x2  
  163  10:40  Zergling x30  
  178  11:08  Zergling x30  
  178  11:09  Zergling x14  
  178  11:10  Overlord x2  
  152  11:26  Zergling x2  
  152  11:27  Zergling x28  
  155  11:34  Zergling x18  
  155  11:35  Zergling x2  
  157  11:42  Zergling x14  
  157  11:43  Zergling x6  
  167  11:47  Adrenal Glands  
  167  11:51  Zergling x2  
  167  11:52  Zergling x12  
  167  11:54  Zergling x10  
  176  11:55  Zergling x2  
  176  11:56  Zergling x2  
  176  11:58  Zergling x4  
  183  12:15  Zergling x2  
  184  12:16  Baneling, Zergling x14  
  184  12:17  Baneling x24  
  184  12:18  Baneling x16  
  184  12:20  Hatchery, Zergling x4  
  184  12:21  Spore Crawler, Zergling x12  
  197  12:23  Spore Crawler  
  197  12:26  Zergling x2  
  197  12:27  Zergling x4  
  199  12:36  Hatchery  
  195  12:38  Spore Crawler  
  195  12:40  Spore Crawler  
  176  12:46  Zergling x2  
  176  12:47  Zergling x42  
  176  12:48  Zergling x6  
  176  12:58  Extractor  
  176  13:00  Extractor  
  176  13:01  Drone x4  
  176  13:02  Drone x2  
  176  13:23  Zergling x2  
  176  13:24  Zergling x18  
Tags
 
Add a new tag
Caveats
  • Supply blocks, unpowered buildings, or Contaminate may cause inaccurate times.
  • Supply counts are checked every 10 seconds.